 Dungeon Crawl Stone Soup version 0.30-a0-135-g630cfc4551 (webtiles) character file.

Game seed: 4445729743886583371

89065 blackman the Earth Mage (level 15, -1/96 HPs)
             Began as a Gargoyle Earth Elementalist on Sept 21, 2022.
             Was the Champion of Ashenzari.
             Slain by a salamander
             ... wielding a +0 halberd
              (11 damage)
             ... on level 14 of the Dungeon.
             The game lasted 01:16:09 (36034 turns).

blackman the Earth Mage (GrEE)                     Turns: 36034, Time: 01:16:10

Health: -1/96      AC: 28    Str: 18    XL:     15   Next: 96%
Magic:  6/29       EV: 17    Int: 21    God:    Ashenzari [******]
Gold:   2389       SH:  0    Dex: 10    Spells: 6/34 levels left

rFire   . . .      SeeInvis +    o - +2 lajatang "Share My Fetters" {drain, Elem, Fort} (curse)
rCold   . . .      Faith    .    (shield currently unavailable)
rNeg    + . .      Spirit   .    w - +1 steam dragon scales "Loss of the Cosmic Seer" {Bglg, Self} (curse)
rPois   ∞          Reflect  .    y - +0 helmet "Shattered With Me" {Fort, Self} (curse)
rElec   +          Harm     .    l - +2 cloak "Cursed With Me" {Elem, Cun} (curse)
rCorr   +          Rampage  .    J - +1 pair of gloves of the Tethered Cosmos {Alch, Elem} (curse)
Will    +....      Clarity  +    v - +0 pair of boots of the Astral Seer {Cun, Bglg} (curse)
Stlth   +++++.....               T - amulet of Ashenzari's Stickiness {Acrobat, Elem, Cun} (curse)
HPRegen 0.26/turn                i - ring of the Enlightened Sun {EV+4, Self, Range} (curse)
MPRegen 0.21/turn                F - ring "Ensconced Mistrust" {rPois rCorr Str+4 Slay+2, Bglg, Elem} (curse)

@: flying, studying Armour
A: sickness immunity, AC +11, big wings, negative energy resistance 1,
electricity resistance, torment resistance 1, petrification resistance
a: Renounce Religion, Shatter the Chains


You were on level 14 of the Dungeon.
You worshipped Ashenzari.
Ashenzari was exalted by your worship.
You visited 5 branches of the dungeon, and saw 23 of its levels.
You also visited: Ice Cave.

You collected 2780 gold pieces.
You spent 391 gold pieces at shops.

Inventory:

Hand Weapons
 o - the cursed +2 lajatang "Share My Fetters" (weapon) {drain, Elem, Fort}
   (You found it on level 2 of the Dungeon)

   A truly terrible weapon, it drains the life of any living foe it strikes.
   It has a curse which improves the following skills: Elements: Fire Magic, Ice
   Magic, Air Magic and Earth Magic.
   Fortitude: Armour and Shields.
Missiles
 O - 5 throwing nets
 X - 3 curare-tipped darts
Armour
 l - the cursed +2 cloak "Cursed With Me" (worn) {Elem, Cun}
   (You found it on level 2 of the Dungeon)

   It has a curse which improves the following skills: Elements: Fire Magic, Ice
   Magic, Air Magic and Earth Magic.
   Cunning:   Dodging and Stealth.
 v - the cursed +0 pair of boots of the Astral Seer (worn) {Cun, Bglg}
   (You found it on level 9 of the Dungeon)

   It has a curse which improves the following skills: Cunning: Dodging and
   Stealth.
   Beguiling: Conjurations, Hexes and Translocations.
 w - the cursed +1 steam dragon scales "Loss of the Cosmic Seer" (worn) {Bglg, Self}
   (You found it on level 3 of the Dungeon)

   It has a curse which improves the following skills: Beguiling: Conjurations,
   Hexes and Translocations.
   Introspection: Fighting and Spellcasting.
 y - the cursed +0 helmet "Shattered With Me" (worn) {Fort, Self}
   (You found it on level 4 of the Lair of Beasts)

   It has a curse which improves the following skills: Fortitude: Armour and
   Shields.
   Introspection: Fighting and Spellcasting.
 J - the cursed +1 pair of gloves of the Tethered Cosmos (worn) {Alch, Elem}
   (You found it on level 6 of the Dungeon)

   It has a curse which improves the following skills: Alchemy: Poison Magic and
   Transmutations.
   Elements:  Fire Magic, Ice Magic, Air Magic and Earth Magic.
 K - a +0 pair of boots
Magical Staves
 m - a staff of conjuration
Jewellery
 i - the cursed ring of the Enlightened Sun (left hand) {EV+4, Self, Range}
   (You found it on level 2 of the Dungeon)

   [ring of evasion]

   EV:        It affects your evasion (+4).
   It has a curse which improves the following skills: Introspection: Fighting
   and Spellcasting.
   Ranged Combat: Ranged Weapons and Throwing.
 F - the cursed ring "Ensconced Mistrust" (right hand) {rPois rCorr Str+4 Slay+2, Bglg, Elem}
   (You acquired it on level 5 of the Lair of Beasts)

   [ring of resist corrosion]

   Str:       It affects your strength (+4).
   Slay:      It affects your accuracy & damage with ranged weapons and melee
   (+2).
   rPois:     It protects you from poison.
   rCorr:     It protects you from acid and corrosion.
   It has a curse which improves the following skills: Beguiling: Conjurations,
   Hexes and Translocations.
   Elements:  Fire Magic, Ice Magic, Air Magic and Earth Magic.
 T - the cursed amulet of Ashenzari's Stickiness (around neck) {Acrobat, Elem, Cun}
   (You found it on level 1 of the Lair of Beasts)

   [amulet of the acrobat]

   It increases your evasion while moving and waiting.
   It has a curse which improves the following skills: Elements: Fire Magic, Ice
   Magic, Air Magic and Earth Magic.
   Cunning:   Dodging and Stealth.
Wands
 f - a wand of quicksilver (7)
 p - a wand of mindburst (10)
 u - a wand of iceblast (17)
 L - a wand of charming (25)
 P - a wand of flame (4)
 Q - a wand of polymorph (8)
Scrolls
 a - 3 scrolls of blinking
 g - 5 scrolls of poison
 h - a scroll of enchant weapon
 k - 3 scrolls of amnesia
 n - 2 scrolls of torment
 q - 19 scrolls of teleportation
 r - 7 scrolls of vulnerability
 x - a scroll of summoning
 G - 4 scrolls of immolation
 I - 2 scrolls of magic mapping
 M - 2 scrolls of silence
 N - 6 scrolls of fog
 U - 3 scrolls of brand weapon
Potions
 b - 5 potions of magic
 c - 9 potions of heal wounds
 d - 2 potions of cancellation
 e - 6 potions of haste
 j - 14 potions of curing
 s - a potion of resistance
 t - 4 potions of brilliance
 A - 2 potions of berserk rage
 C - 5 potions of attraction
 D - 3 potions of ambrosia
 E - 6 potions of lignification
 R - 5 potions of mutation
 S - 5 potions of flight
 Y - 2 potions of might
 Z - 3 potions of invisibility
Miscellaneous
 z - a condenser vane
 H - a phantom mirror


   Skills:
 - Level 6.6(11.6) Fighting
 - Level 9.6 Staves
 - Level 7.8(11.7) Armour
 - Level 1.6(4.9) Dodging
 - Level 7.1(12.1) Stealth
 - Level 5.5(10.4) Spellcasting
 * Level 18.3(23.1) Conjurations
 - Level 0.8(2.2) Transmutations
 * Level 19.3(26.3) Earth Magic


You had 6 spell levels left.
You knew the following spells:

 Your Spells              Type           Power      Damage    Failure   Level
a - Sandblast             Erth           100%       2d20      0%          1
b - Stone Arrow           Conj/Erth      100%       3d13      0%          3
c - Petrify               Tmut/Erth      63%        N/A       1%          4
d - Orb of Destruction    Conj           41%        9d11      1%          7
e - Iskenderun's Battles  Conj           83%        2d13      0%          5
f - Lehudib's Crystal Sp  Conj/Erth      43%        10d10     1%          8

Your spell library contained the following spells:

 Spells                   Type           Power      Damage    Failure   Level
 Shock                    Conj/Air       100%       1d9       1%          1
 Passwall                 Tmut/Erth      52%        N/A       1%          2
 Dazzling Flash           Conj/Hex       100%       N/A       1%          3
 Animate Armour           Summ/Erth      100%       N/A       1%          4
 Fireball                 Conj/Fire      29%        3d13      1%          5
 Sting                    Tmut/Pois      64%        1d6       3%          1
 Necrotise                Necr           40%        1d6       6%          1
 Ensorcelled Hibernation  Hex/Ice        28%        N/A       6%          2
 Poisonous Vapours        Pois/Air       26%        N/A       7%          2
 Conjure Ball Lightning   Conj/Air       29%        3x3d8     7%          6
 Frozen Ramparts          Ice            30%        1d5       12%         3
 Ozocubu's Armour         Ice            15%        N/A       12%         3
 Swiftness                Air            15%        N/A       12%         3
 Vampiric Draining        Necr           10%        2d6       19%         3
 Airstrike                Air            7%         2d(2-18)  36%         4
 Summon Ice Beast         Ice/Summ       13%        N/A       45%         4
 Olgreb's Toxic Radiance  Pois           12%        N/A       47%         4
 Metabolic Englaciation   Hex/Ice        7%         N/A       75%         5
 Silence                  Hex/Air        7%         N/A       75%         5
 Summon Mana Viper        Hex/Summ       12%        N/A       83%         5
 Agony                    Necr           10%        N/A       86%         5
 Simulacrum               Ice/Necr       6%         N/A       100%        6
 Monstrous Menagerie      Summ           5%         N/A       100%        7
 Ozocubu's Refrigeration  Ice            7%         4d9       100%        7
 Borgnjor's Revivificati  Necr           5%         N/A       100%        8
 Ignition                 Fire           7%         3d5       100%        8
 Necromutation            Tmut/Necr      7%         N/A       100%        8
 Death's Door             Necr           5%         N/A       100%        9


Dungeon Overview and Level Annotations

Branches:
Dungeon (14/15)            Temple (1/1) D:7            Lair (5/5) D:9
  Swamp (0/4) Lair:3       Spider (0/4) Lair:3        Slime (1/5) Lair:5
    Orc (2/2) D:11            Elf (0/3) Orc:2        Vaults (0/5) D:14
  IceCv (visited)

Altars:
Ashenzari
Cheibriados
Dithmenos
Elyvilon
Fedhas
Gozag
Hepliaklqana
Kikubaaqudgha
Makhleb
Nemelex Xobeh
Okawaru
Qazlal
Ru
Sif Muna
Trog
Uskayaw
Vehumet
Wu Jian
Xom
Yredelemnul
Zin
The Shining One
Jiyva

Shops:
D:12 !   Orc:2 [!*[

Annotations:
Orc:2 1 runed translucent door, greasedhog's ghost, journeyman GrFE


Innate Abilities, Weirdness & Mutations

You are immune to sickness and miasma.
Your stone body is resilient. (AC +11)
You are immune to poison.
Your large and strong wings let you fly.
You resist negative energy. (rN+)
You are resistant to electric shocks. (rElec)
You are resistant to unholy torment.
You are immune to petrification.


Message History

Aiming: Lehudib's Crystal Spear (dangerous; 1% risk of failure)
Press: ? - help, Shift-Dir - straight line, f - salamander
Aim: a salamander, wielding a +0 halberd (fast, 88% to hit)
The crystal spear misses the salamander mystic.
The crystal spear hits the salamander!!!
The salamander is severely wounded.
The salamander mystic hits you with a +0 quarterstaff!
* * * LOW HITPOINT WARNING * * *
You are engulfed in flames!
* * * LOW HITPOINT WARNING * * *
The salamander misses you.
Casting: Lehudib's Crystal Spear (dangerous; 1% risk of failure)
Confirm with . or Enter, or press ? or * to list all spells.
Aiming: Lehudib's Crystal Spear (dangerous; 1% risk of failure)
Press: ? - help, Shift-Dir - straight line, f/p - salamander
Aim: a salamander, wielding a +0 halberd (severely wounded, fast, 88% to hit)
The crystal spear hits the salamander mystic!!!
You kill the salamander mystic!
The salamander misses you.
The salamander hits you but does no damage.
Casting: Lehudib's Crystal Spear (dangerous; 1% risk of failure)
Confirm with . or Enter, or press ? or * to list all spells.
Aiming: Lehudib's Crystal Spear (dangerous; 1% risk of failure)
Press: ? - help, Shift-Dir - straight line, f/p - salamander
Aim: a salamander, wielding a +0 halberd (severely wounded, fast, 88% to hit)
The crystal spear hits the salamander!!!
You kill the salamander!
The salamander hits you but does no damage.
Casting: Lehudib's Crystal Spear (dangerous; 1% risk of failure)
Confirm with . or Enter, or press ? or * to list all spells.
You don't have enough magic to cast this spell.
Unknown command.
The salamander hits you but does no damage. x2
Items here: )) [ ††.
You hit the salamander. You drain the salamander.
The salamander is almost dead.
The salamander hits you with a +0 halberd!
* * * LOW HITPOINT WARNING * * *
You are engulfed in flames!
You die...

#.....######################
#.###..##...............#### ##
#..###....#############.##### ###
##...######8≈≈≈≈≈8#####.#########
####......'......§#####.#########
########..'....)§§#####..########
########..'..§)§.§######.########
###########8§§§8.≈######..#######
################@≈#######..#####.
#######.....N§########.......
######......§##########.####
#......≈##########.####
#..8≈≈≈8#.########.####
#..≈#####..#######.####
#..8~≈≈8#...######.####
#...,{.≈#.######.#.#### ,,,
N.≈#.#####....####


You could see a salamander (fast, drained).

Vanquished Creatures
  Kirke (D:14)
  Azrael (D:12)
  A white draconian (IceCv)
  Snorg (D:10)
  A fire dragon (Lair:5)
  Harold (Orc:1)
  5 hydras
  4 vault guards (D:14)
  2 ogre magi (D:14)
  A catoblepas (Lair:5)
  5 centaur warriors
  7 boulder beetles
  A tengu warrior (D:14)
  2 two-headed ogres
  8 orc high priests (Orc:2)
  Urug (D:10)
  Sonja (Lair:2)
  A deep elf knight (D:14)
  A salamander mystic (D:14)
  A swamp dragon (Lair:5)
  3 skeletal warriors (D:14)
  2 wizards (D:14)
  2 deep elf pyromancers (D:12)
  4 orc knights
  7 ugly things
  An orc sorcerer (Orc:2)
  An oklob plant (Lair:5)
  Maurice (D:9)
  A shining eye (Lair:5)
  A will-o-the-wisp (Lair:3)
  A wolf spider (Lair:5)
  3 cyclopes
  A manticore (D:13)
  3 salamanders (D:14)
  4 elephants
  2 ice statues (IceCv)
  3 gargoyles
  6 black mambas (Lair:5)
  A torpor snail (Lair:1)
  A guardian serpent (Lair:5)
  11 cane toads
  A kobold demonologist (D:13)
  An unseen horror (D:11)
  9 rime drakes
  7 komodo dragons
  An efreet (D:14)
  A freezing wraith (D:14)
  A yaktaur (D:14)
  A troll (shapeshifter) (D:14)
  2 trolls
  9 hornets
  2 polar bears
  13 slime creatures
  19 blink frogs
  A centaur simulacrum (D:10)
  2 vampires (D:11)
  2 wraiths
  9 wyverns
  2 basilisks
  4 fire elementals (D:12)
  53 yaks
  3 steam dragons
  A golden eye (Lair:5)
  6 vampire mosquitoes (D:12)
  3 redbacks (Lair:5)
  6 wargs (Orc:2)
  21 water moccasins
  4 hell hounds
  5 acid dragons
  2 ice beasts
  A sky beast (D:7)
  21 orc warriors
  3 black bears
  8 ogres
  12 centaurs
  5 kobold brigands
  2 phantoms (D:6)
  A necrophage (D:4)
  13 bullfrogs
  2 gnoll sergeants
  2 scorpions
  3 wights (D:7)
  2 lindwurm simulacra (IceCv)
  8 killer bees
  14 howler monkeys
  2 electric eels (Lair:1)
  A hound (D:5)
  A gnoll bouda (Orc:1)
  5 komodo dragon simulacra (IceCv)
  2 jellies
  36 orc priests
  3 iguanas
  18 orc wizards
  7 hell rats
  18 gnolls
  2 acid dragon simulacra (IceCv)
  8 adders
  A shadow imp (D:5)
  2 white imps
  12 steam dragon simulacra (IceCv)
  2 worms (D:2)
  76 orcs
  9 endoplasms
  2 giant cockroaches
  5 goblins
  6 hobgoblins
  24 kobolds
  2 quokkas
  7 ball pythons
  4 bats
  4 rats
652 creatures vanquished.

Vanquished Creatures (collateral kills)
  2 wyverns (D:9)
  A basilisk (D:9)
  2 water moccasins (D:9)
  A black bear (D:9)
  3 wolves (D:9)
  A scorpion (D:9)
10 creatures vanquished.

Vanquished Creatures (others)
  A human (D:14)
  A gnoll (D:7)
  A bush (Lair:5)
  42 fungi
  102 plants
147 creatures vanquished.

Grand Total: 809 creatures vanquished

Notes
Turn   | Place    | Note
-------+----------+-------------------------------------------
     0 | D:1      | blackman the Gargoyle Earth Elementalist began the quest
                  | for the Orb.
     0 | D:1      | Reached XP level 1. HP: 10/10 MP: 3/3
   509 | D:1      | Reached skill level 4 in Earth Magic
   512 | D:1      | Reached XP level 2. HP: 15/15 MP: 1/5
  1473 | D:2      | Reached XP level 3. HP: 19/19 MP: 2/6
  1647 | D:2      | Learned a level 3 spell: Stone Arrow
  1859 | D:2      | Reached skill level 1 in Conjurations
  2659 | D:3      | Reached XP level 4. HP: 24/24 MP: 7/7
  2719 | D:3      | Reached skill level 5 in Earth Magic
  3369 | D:3      | Found a faded altar of an unknown god.
  3429 | D:3      | Noticed a steam dragon
  3447 | D:3      | Killed a steam dragon
  3448 | D:3      | Reached skill level 6 in Earth Magic
  3448 | D:3      | Reached XP level 5. HP: 4/28 MP: 1/8
  4066 | D:3      | Reached XP level 6. HP: 32/32 MP: 9/9
  4154 | D:4      | Found a burning altar of Makhleb.
  4752 | D:3      | Reached skill level 7 in Earth Magic
  5551 | D:3      | Reached XP level 7. HP: 9/36 MP: 3/10
  6385 | D:4      | Reached skill level 5 in Conjurations
  6464 | D:5      | Entered Level 5 of the Dungeon
  6492 | D:5      | Identified the +1 robe "Gaoride" {Harm rN+ Int-5}
  6903 | D:5      | Reached skill level 8 in Earth Magic
  7481 | D:6      | Reached XP level 8. HP: 41/41 MP: 7/11
  7529 | D:6      | Noticed a troll
  7535 | D:6      | Killed a troll
  7728 | D:6      | Identified the +11 flail "Ykuuqume" {vorpal, Str+3}
  7800 | D:6      | Reached skill level 9 in Earth Magic
  8672 | D:6      | Found a shimmering blue altar of Sif Muna.
  9062 | D:7      | Found a hazy altar of Hepliaklqana.
  9063 | D:7      | Noticed a wraith
  9076 | D:7      | Killed a wraith
  9077 | D:7      | Reached skill level 10 in Earth Magic
  9077 | D:7      | Reached XP level 9. HP: 30/45 MP: 0/12
  9343 | D:7      | Found a staircase to the Ecumenical Temple.
  9363 | Temple   | Entered the Ecumenical Temple
  9417 | Temple   | Became a worshipper of Ashenzari the Shackled
  9774 | D:7      | Reached skill level 11 in Earth Magic
  9862 | D:7      | Found a shimmering altar of Xom.
  9864 | D:7      | Found a shimmering altar of Xom.
  9864 | D:7      | Found a shimmering altar of Xom.
  9866 | D:7      | Found a shimmering altar of Xom.
  9866 | D:7      | Found a shimmering altar of Xom.
 10292 | D:7      | Noticed a cyclops
 10292 | D:7      | Noticed a black mamba
 10307 | D:7      | Noticed a steelbarb worm
 10308 | D:7      | Noticed a meliai
 10347 | D:7      | Noticed a queen bee
 10348 | D:7      | Noticed a torpor snail
 10436 | D:8      | Reached skill level 10 in Conjurations
 10628 | D:8      | Reached skill level 12 in Earth Magic
 10853 | D:8      | Found a radiant altar of Vehumet.
 10858 | D:8      | Reached skill level 1 in Staves
 10858 | D:8      | Reached XP level 10. HP: 44/50 MP: 10/13
 11080 | D:8      | Found a sacrificial altar of Ru.
 11631 | D:8      | Reached skill level 5 in Staves
 12120 | D:8      | Found a snail-covered altar of Cheibriados.
 12227 | D:9      | Found a staircase to the Lair.
 12468 | D:9      | Reached * piety under Ashenzari
 12481 | D:9      | Found a bloodstained altar of Trog.
 12786 | D:9      | Reached XP level 11. HP: 54/54 MP: 14/14
 12868 | D:9      | Noticed Maurice
 12876 | D:9      | Killed Maurice
 12877 | D:9      | Reached skill level 1 in Fighting
 12877 | D:9      | Reached skill level 1 in Armour
 13169 | D:9      | Noticed a two-headed ogre
 13176 | D:9      | Killed a two-headed ogre
 13473 | D:10     | Entered Level 10 of the Dungeon
 13478 | D:10     | Identified the +0 helmet of the Moon {Rampage rN+ Will+
                  | Dex-3}
 13869 | D:10     | Reached ** piety under Ashenzari
 14001 | D:10     | Noticed Snorg
 14008 | D:10     | Killed Snorg
 14009 | D:10     | Reached skill level 5 in Stealth
 14123 | D:10     | Noticed Urug
 14521 | D:10     | Killed Urug
 14967 | D:11     | Reached skill level 5 in Fighting
 14967 | D:11     | Reached skill level 5 in Armour
 15265 | D:11     | Found a staircase to the Orcish Mines.
 15519 | D:11     | Reached XP level 12. HP: 27/71 MP: 17/17
 15862 | D:11     | Reached *** piety under Ashenzari
 16381 | Lair:1   | Entered Level 1 of the Lair of Beasts
 17879 | Lair:2   | Reached skill level 13 in Earth Magic
 18211 | Lair:2   | Noticed Sonja
 18217 | Lair:2   | Killed Sonja
 18365 | Lair:2   | Noticed a six-headed hydra
 18373 | Lair:2   | Killed a six-headed hydra
 18374 | Lair:2   | Reached skill level 5 in Spellcasting
 19147 | Lair:3   | Found a staircase to the Swamp.
 19151 | Lair:3   | Reached skill level 14 in Earth Magic
 19384 | Lair:3   | Reached **** piety under Ashenzari
 19399 | Lair:3   | Found a hole to the Spider Nest.
 19477 | Lair:3   | Found a snail-covered altar of Cheibriados.
 19587 | Lair:3   | Noticed a seven-headed hydra
 19595 | Lair:3   | Killed a seven-headed hydra
 19596 | Lair:3   | Reached skill level 15 in Earth Magic
 19727 | Lair:3   | Reached ***** piety under Ashenzari
 19799 | Lair:3   | Learned a level 4 spell: Petrify
 19808 | Lair:3   | Reached XP level 13. HP: 79/79 MP: 18/24
 20346 | Lair:4   | Reached skill level 16 in Earth Magic
 21638 | Lair:4   | Found a stormy altar of Qazlal.
 22314 | Lair:5   | Entered Level 5 of the Lair of Beasts
 22627 | Lair:5   | Noticed a fire dragon
 22653 | Lair:5   | Killed a fire dragon
 23798 | Lair:5   | Found a viscous altar of Jiyva.
 23800 | Lair:5   | Found a staircase to the Slime Pits.
 23850 | Lair:5   | Gained mutation: Your large and strong wings let you fly.
                  | [Gargoyle growth]
 23850 | Lair:5   | Reached XP level 14. HP: 59/84 MP: 25/25
 24066 | Lair:5   | Reached ****** piety under Ashenzari
 24383 | Lair:5   | Identified a scroll of acquirement
 24426 | Lair:5   | Acquired the ring "Doukucut" {rPois rCorr Str+4 Slay+2}
 25499 | Lair:5   | Learned a level 7 spell: Orb of Destruction
 25505 | Lair:5   | Learned a level 5 spell: Iskenderun's Battlesphere
 25742 | Lair:5   | Reached skill level 15 in Conjurations
 25890 | Slime:1  | Entered Level 1 of the Pits of Slime
 26258 | Lair:5   | HP: 3/86 [slime creature (5)]
 27449 | D:12     | Found Tubruic's Distillery.
 27455 | D:12     | Bought a potion of heal wounds for 70 gold pieces
 27746 | D:12     | Noticed Azrael
 28786 | D:12     | Killed Azrael
 29335 | D:13     | Found a frozen archway.
 29348 | IceCv    | Entered an ice cave
 30259 | IceCv    | Identified the Cyclopedia of the Iceberg
 30264 | IceCv    | Noticed a white draconian
 30267 | IceCv    | Identified the ring "Ebouf" {rElec rC+++ Will+ rCorr Int-4}
 30291 | IceCv    | Killed a white draconian
 31175 | Orc:1    | Entered Level 1 of the Orcish Mines
 31434 | Orc:1    | Noticed Harold
 31449 | Orc:1    | Killed Harold
 31520 | Orc:1    | Reached XP level 15. HP: 96/96 MP: 29/29
 31700 | Orc:2    | Entered Level 2 of the Orcish Mines
 31713 | Orc:2    | Reached skill level 17 in Earth Magic
 32152 | Orc:2    | Found Poutepuorch's General Store.
 32562 | Orc:2    | Found Fycsey's Antique Armour Emporium.
 32568 | Orc:2    | Bought a bloodstained robe for 165 gold pieces
 32568 | Orc:2    | Identified the +1 robe of Calculation {Harm rC+ rN++} (You
                  | bought it in a shop on level 2 of the Orcish Mines)
 32621 | Orc:2    | Found Mosuit's Distillery.
 32633 | Orc:2    | Found Wiulebiu's Armour Boutique.
 32890 | Orc:2    | Bought a potion of mutation for 96 gold pieces
 32890 | Orc:2    | Bought a potion of heal wounds for 60 gold pieces
 32917 | Orc:2    | Found a runed translucent door.
 32917 | Orc:2    | Noticed greasedhog's ghost (journeyman GrFE)
 33113 | Orc:2    | Reached skill level 18 in Earth Magic
 33166 | Orc:2    | Found a staircase to the Elven Halls.
 33853 | D:14     | Identified the +6 chain mail "Uquxecol" {Int+4}
 33937 | D:14     | Learned a level 8 spell: Lehudib's Crystal Spear
 33961 | D:14     | Noticed Kirke
 34096 | D:14     | Killed Kirke
 35144 | D:14     | Reached skill level 19 in Earth Magic
 35455 | D:14     | Found a gate to the Vaults.
 35607 | D:14     | Found the +3 salamander hide armour {Flames rF++ rC--}
 36034 | D:14     | Slain by a salamander

Illustrated notes

Levels and vault maps discovered:
D:1:      minmay_arrival_jagged, layout_loops_ring
D:2:      minmay_razor_zed, layout_basic
D:3:      layout_basic, basic_ecumenical_altar
D:4:      layout_basic, bloody_makhleb
D:5:      layout_loops_ring, nicolae_concentric_dashed_squares_wild
D:6:      layout_loops_ring, marbit_many_paths, minmay_misc_feat_tiny
D:7:      layout_loops_ring, amcnicky_altar_gilded, xom_shifter_show,
          minmay_temple_entry_drinking_statues
D:8:      layout_loops_ring, mainiacjoe_overflow_chevrons,
          mainiacjoe_overflow_concentric_impassable,
          nicolae_overflow_hidden_temple
D:9:      layout_basic, mainiacjoe_overflow_brackets, minmay_lair_entry_grove,
          corexii_corridor_pit, nicolae_zen_rock_garden, uniq_maurice
D:10:     layout_loops_cross, uniq_urug, uniq_snorg
D:11:     layout_loops_corners, orc_0_dummy
D:12:     layout_roguey, serial_shops, nicolae_shop_behind_doors, uniq_azrael
D:13:     layout_roguey, portal_ice_cave_rime
D:14:     minmay_the_grid_triangle_9x9_recursive_2_mashed
          [minmay_the_grid_triangle_9x9_prize_top_heavy,
          minmay_the_grid_triangle_9x9_limited_checkers,
          minmay_the_grid_triangle_9x9_wacky_v,
          minmay_the_grid_triangle_9x9_minimal], layout_cave_pools,
          grunt_vaults_entry_fortified, minmay_splitting_lines,
          hellmonk_guarded_unrand_salamander, uniq_kirke
Temple:   nicolae_temple_god_jail
Lair:1:   statuecave_lemuel, layout_cave_pods, grunt_megastairs_5,
          lemuel_fruit_fields
Lair:2:   layout_cave_pods, chequers_serial_rivers_micro_b,
          infiniplex_staircase_pool_2, uniq_sonja
Lair:3:   layout_gridlike, minmay_swamp_entry_wisps,
          spider_nest_entry_web_field, basic_altar, dreamdust_wasp_nest
Lair:4:   layout_small_grid, lemuel_centaur_altar, grunt_megastairs_4,
          serial_bayou_shore_b
Lair:5:   guppyfry_lair_end_dragon, layout_regular_city,
          hangedman_lair_tendril_chambers, dpeg_slime_entry_corner,
          serial_bayou_shore_b
Slime:1:  layout_caves
Orc:1:    layout_diamond_mine, uniq_harold
Orc:2:    st_orc_town, layout_caves, hellmonk_ghost_happy_afterlife

Skill      XL: |  1  2  3  4  5  6  7  8  9 10 11 12 13 14 15 |
---------------+----------------------------------------------+-----
Earth Magic    | 4 6 7 8 10 12 15 16 19 | 19.3
Conjurations   | 1 3 4 6 8 10 13 17 18 | 18.3
Staves         | 1 9 |  9.6
Fighting       | 5 6 |  6.6
Armour         | 5 6 7 |  7.8
Stealth        | 6 7 |  7.1
Spellcasting   | 5 |  5.5
Dodging        | |  1.6
Transmutations | |  0.8

Action                   |  1- 3 |  4- 6 |  7- 9 | 10-12 | 13-15 || total
-------------------------+-------+-------+-------+-------+-------++-------
Melee: Dagger            |    38 |       |       |       |       ||    38
       Lajatang          |    26 |   141 |    45 |   395 |  1276 ||  1883
       Staff             |     5 |       |       |       |       ||     5
Throw: Throwing net      |       |       |       |     1 |       ||     1
 Cast: Sandblast         |    36 |     7 |   117 |    70 |     8 ||   238
       Stone Arrow       |     1 |    15 |    32 |    78 |    76 ||   202
       Petrify           |       |       |       |     1 |    37 ||    38
       Orb of Destructio |       |       |       |       |    72 ||    72
       Iskenderun's Batt |       |       |       |       |    10 ||    10
       Lehudib's Crystal |       |       |       |       |    19 ||    19
Invok: Curse Item        |       |       |       |     7 |     4 ||    11
       Shatter the Chain |       |       |       |       |     2 ||     2
Evoke: Wand              |       |       |       |     2 |       ||     2
  Use: Potion            |       |       |     1 |     1 |     2 ||     4
       Scroll            |       |       |       |    23 |     3 ||    26
 Stab: Sleeping          |     4 |       |       |     4 |    16 ||    24
       Petrified         |       |       |       |     4 |    67 ||    71
       Petrifying        |       |       |       |       |     6 ||     6
       Distracted        |       |       |       |       |     4 ||     4
Armor: Robe              |    24 |    22 |       |       |       ||    46
       Steam dragon scal |       |    57 |    62 |   191 |   719 ||  1029
Dodge: Dodged            |    69 |   135 |   153 |   378 |  1477 ||  2212

Table legend: (Time is in decaauts)
 A = Elapsed time spent in this place.
 B = Non-inter-level travel time spent in this place.
 C = Inter-level travel time spent in this place.
 D = Time resting spent in this place.
 E = Time spent auto-exploring this place.
 F = Levels seen in this place.
 G = Mean time per level.
                   A        B        C        D        E       F      G
               +--------+--------+--------+--------+--------+-----+--------+
         Total |  36189 |  35002 |   1187 |   7163 |  22477 |  24 | 1507.9 |
       Dungeon |  22034 |  21294 |    740 |   4969 |  13559 |  14 | 1573.9 |
        Temple |     64 |     55 |      9 |      0 |     24 |   1 |   64.0 |
          Lair |  10317 |  10047 |    270 |   1862 |   6571 |   5 | 2063.4 |
    Slime Pits |      5 |      5 |      0 |      0 |      0 |   1 |    5.0 |
  Orcish Mines |   2594 |   2427 |    167 |    332 |   1402 |   2 | 1297.0 |
      Ice Cave |   1172 |   1172 |      0 |      0 |    921 |   1 | 1172.0 |
               +--------+--------+--------+--------+--------+-----+--------+

Top non-repeatable levels by time:
  Lair:5: 4301 daAuts
     D:3: 2662 daAuts
    D:12: 2422 daAuts
    D:14: 2184 daAuts
  Lair:3: 2070 daAuts
     D:7: 2066 daAuts
     D:2: 1709 daAuts
   Orc:2: 1544 daAuts
     D:6: 1488 daAuts
  Lair:4: 1487 daAuts
    D:10: 1459 daAuts
  Lair:1: 1403 daAuts
     D:9: 1324 daAuts
    D:11: 1298 daAuts
     D:4: 1220 daAuts
